Map: Oxide LE

Players

maru - Winner!

  • Race: Terran Terran

Probe

  • Race: Protoss Protoss

Event: DreamHack SC2 Masters 2021 Summer

VOD

Have the link to the VOD?

Description

Time

  • Played on: July 1, 2021, 10:06 a.m.
  • Length: 6:12

All games in this series

Show
View Real Time Build Order
Export as new Build Order

maru Terran - Winner!

Build Orders:  

Get SALT Encoding   

  12  0:00  SCV  
  13  0:12  SCV  
  14  0:17  Supply Depot  
  14  0:24  SCV  
  15  0:38  SCV  
  15  0:40  Barracks  
  16  0:42  Refinery  
  16  0:50  SCV  
  17  1:02  SCV  
  18  1:15  SCV  
  19  1:26  Marine  
  19  1:27  Orbital Command  
  20  1:39  Command Center  
  20  1:46  Barracks Reactor  
  20  1:52  SCV  
  21  1:55  Supply Depot  
  21  2:04  SCV  
  22  2:09  Factory  
  22  2:16  SCV  
  23  2:23  Refinery, Marine x2  
  23  2:28  SCV  
  26  2:40  SCV, Marine  
  26  2:41  Marine  
  29  2:51  Orbital Command  
  29  2:52  Starport  
  29  2:53  SCV  
  29  2:56  Widow Mine  
  32  3:01  Marine x2  
  34  3:05  SCV  
  34  3:12  Bunker  
  34  3:16  SCV  
  34  3:17  SCV  
  34  3:19  Widow Mine  
  38  3:25  Supply Depot  
  38  3:29  Medivac  
  38  3:32  Marine x2  
  38  3:33  SCV  
  43  3:36  SCV  
  44  3:41  Factory Tech Lab  
  44  3:43  Supply Depot  
  44  3:49  SCV, Marine  
  44  3:50  Marine  
  44  3:51  SCV  
  48  3:55  Supply Depot  
  48  4:00  Starport Tech Lab  
  48  4:01  SCV  
  48  4:02  Siege Tank  
  52  4:05  SCV  
  53  4:13  SCV  
  53  4:16  Barracks  
  55  4:17  SCV  
  55  4:22  Refinery  
  55  4:25  Raven  
  55  4:26  SCV  
  55  4:29  SCV  
  55  4:30  Supply Depot  
  59  4:34  Marine  
  59  4:35  Marine  
  61  4:44  SCV  
  62  4:52  Marine x2  
  62  4:53  SCV  
  62  4:55  Supply Depot  
  65  5:01  Supply Depot  
  65  5:05  SCV  
  66  5:08  Siege Tank  
  66  5:10  Marine x2  
  66  5:12  SCV  
  72  5:19  Marine  
  73  5:22  SCV  
  73  5:24  SCV  
  73  5:28  Marine x2  
  70  5:31  Viking  
  70  5:34  SCV, Supply Depot  
  72  5:51  Marine x2  
  72  5:52  SCV  
  65  6:05  Starport Reactor  
Show
View Real Time Build Order
Export as new Build Order

Probe Protoss 

Build Orders: 1 Gate Expand 

Get SALT Encoding   

  12  0:00  Probe  
  13  0:12  Probe  
  14  0:17  Pylon  
  14  0:24  Probe (Chrono Boost)  
  15  0:37  Probe (Chrono Boost)  
  15  0:40  Gateway  
  16  0:44  Probe (Chrono Boost)  
  16  0:47  Assimilator  
  17  0:51  Probe  
  18  1:03  Probe  
  19  1:15  Probe  
  20  1:22  Nexus  
  20  1:32  Cybernetics Core  
  21  1:40  Probe  
  21  1:41  Assimilator  
  21  1:50  Pylon  
  21  1:52  Probe  
  22  2:04  Probe  
  22  2:06  Stalker (Chrono Boost)  
  23  2:08  Warp Gate  
  25  2:16  Probe  
  25  2:21  Pylon  
  26  2:28  Probe (Chrono Boost), Stalker  
  29  2:34  Probe (Chrono Boost)  
  30  2:40  Probe (Chrono Boost)  
  30  2:41  Robotics Facility  
  32  2:44  Probe (Chrono Boost)  
  32  2:46  Probe (Chrono Boost)  
  32  2:50  Probe  
  33  2:55  Probe  
  35  3:02  Probe  
  36  3:07  Probe  
  37  3:12  Gateway  
  37  3:13  Gateway  
  37  3:18  Gateway  
  37  3:21  Probe  
  37  3:22  Probe  
  39  3:29  Observer (Chrono Boost)  
  39  3:33  Probe  
  39  3:34  Probe  
  42  3:42  Immortal (Chrono Boost)  
  42  3:47  Probe x2, Pylon  
  48  3:59  Probe x2  
  50  4:03  Stalker  
  50  4:06  Pylon  
  52  4:11  Probe x2  
  52  4:12  Stalker x2  
  58  4:22  Immortal (Chrono Boost)  
  58  4:23  Probe x2  
  60  4:27  Stalker  
  66  4:33  Stalker  
  66  4:35  Probe  
  66  4:36  Observer  
  66  4:37  Pylon  
  66  4:38  Pylon  
  69  4:41  Assimilator  
  69  4:50  Stalker  
  69  4:55  Warp Prism (Chrono Boost)  
  71  5:05  Observer  
  71  5:06  Stalker x3  
  77  5:19  Probe x2  
  77  5:31  Probe  
  77  5:33  Stalker x4  
  86  5:49  Nexus  
  86  5:57  Twilight Council  
  86  5:58  Probe x2  
Tags
 
Add a new tag
Caveats
  • Supply blocks, unpowered buildings, or Contaminate may cause inaccurate times.
  • Supply counts are checked every 10 seconds.